 Dungeon Crawl Stone Soup version 0.31-a0-542-gdc2a67831c (webtiles) character file.

Game seed: 13319587007413197614

126 ders the Digger (level 5, 0/28 HPs)
             Began as a Gargoyle Earth Elementalist on Aug 14, 2023.
             Slain by an orc wizard
             ... wielding a +0 dagger
              (3 damage)
             ... on level 3 of the Dungeon.
             The game lasted 00:02:32 (1941 turns).

ders the Digger (Gargoyle Earth Elementalist)       Turns: 1941, Time: 00:02:32

Health: 0/28       AC:  7    Str: 11    XL:     5   Next: 10%
Magic:  0/9        EV: 11    Int: 18    God:
Gold:   128        SH:  0    Dex: 10    Spells: 5/9 levels left

rFire   . . .        m - staff of air
rCold   . . .        (no shield)
rNeg    + . .        a - +0 robe
rPois   ∞            l - +0 helmet
rElec   +            (no cloak)
rCorr   .            (no gloves)
SInv    .            (no boots)
Will    .....        (no amulet)
Stlth   ++           (no ring)
HPRegen 0.24/turn    (no ring)
MPRegen 0.11/turn

%: no passive effects
@: hasted, very quick
A: sickness immunity, AC +4, negative energy resistance 1, electricity
resistance, torment resistance 1, petrification resistance
a: no special abilities


You were on level 3 of the Dungeon.
You visited 1 branch of the dungeon, and saw 3 of its levels.

You collected 128 gold pieces.

Inventory:

Armour
 a - a +0 robe (worn)
 l - a +0 helmet (worn)
Magical Staves
 m - a staff of air (weapon)
Scrolls
 e - a scroll of enchant weapon {unknown}
 i - a scroll of fear {unknown}
 j - a scroll of amnesia {unknown}
 k - a scroll of blinking {unknown}
Potions
 c - a potion of mutation {unknown}
 d - a potion of degeneration {unknown}
 f - a potion of haste
 g - a potion of ambrosia {unknown}
 h - a potion of experience {unknown}


   Skills:
 - Level 1.5 Dodging
 - Level 2.1 Stealth
 + Level 2.9 Spellcasting
 * Level 3.4 Conjurations
 - Level 0.7 Transmutations
 + Level 4.5 Earth Magic


You had 5 spell levels left.
You knew the following spells:

 Your Spells              Type           Power      Damage    Failure   Level
a - Sandblast             Erth           38%        2d10      2%          1
b - Stone Arrow           Conj/Erth      34%        3d9       10%         3

Your spell library contained the following spells:

 Spells                   Type           Power      Damage    Failure   Level
 Passwall                 Tmut/Erth      10%        N/A       9%          2
 Dazzling Flash           Conj/Hex       16%        N/A       24%         3
 Petrify                  Tmut/Erth      12%        N/A       50%         4
 Agony                    Necr           2%         N/A       99%         5
 Silence                  Hex/Air        1%         N/A       99%         5


Dungeon Overview and Level Annotations

Branches:
Dungeon (3/15)

Altars:

Shops:
D:1 ?


Innate Abilities, Weirdness & Mutations

You are immune to sickness and miasma.
Your stone body is resilient. (AC +4)
You are immune to poison.
You resist negative energy. (rN+)
You are resistant to electric shocks. (rElec)
You are resistant to unholy torment.
You are immune to petrification.


Message History

Something hits you but does no damage.
Casting: Stone Arrow (quite dangerous; 11% risk of failure)
Confirm with . or Enter, or press ? or * to list all spells.
Aiming: Sandblast (safe; 2% risk of failure)
Press: ? - help, Shift-Dir - straight line, f/p - orc priest
Aim: an orc priest, wielding a +0 club (moderately wounded, 82% to hit)
The blast of sand hits the orc priest!
The orc priest is almost dead.
The orc priest hits you but does no damage.
Something hits you.
Unknown command.
You hit the orc priest.
You kill the orc priest!
You hear some strange, mumbled words.
A magic dart appears from out of thin air!
The magic dart hits you!
* * * LOW HITPOINT WARNING * * *
You have reached level 5!
Something hits you.
* * * LOW HITPOINT WARNING * * *
You barely miss something. Something hits you but does no damage.
You hit something. Something hits you.
* * * LOW HITPOINT WARNING * * *
You hear some strange, mumbled words.
A magic dart appears from out of thin air!
The magic dart hits you.
* * * LOW HITPOINT WARNING * * *
You hit something but do no damage. Something hits you but does no damage.
Okay, then.
Casting: Sandblast (safe; 2% risk of failure)
Confirm with . or Enter, or press ? or * to list all spells.
Aiming: Sandblast (safe; 2% risk of failure)
Press: ? - help, Shift-Dir - straight line The blast of sand hits something!
Something hits you but does no damage.
Casting: Sandblast (safe; 2% risk of failure)
Confirm with . or Enter, or press ? or * to list all spells.
You don't have enough magic to cast this spell.
Unknown command.
It was a potion of haste.
You feel yourself speed up. Something hits you.
You die...

......#............#
^.)...#.......>....#########
......#............[........
####'###......†.............
.....# #................)...
########....................
.................†........).
##).############.#..........
##)# #.....@#.......... #)#
#.....{#.......... #)#
#.....)########### ...
#......# ....# #......#
...... #).....# .....#.
#......######## .....##
####..).)...... ######
#....)......


There were no monsters in sight!

Vanquished Creatures
  2 orc priests (D:3)
  3 worms (D:2)
  2 dart slugs
  7 orcs (D:3)
  5 endoplasms
  3 giant cockroaches
  3 hobgoblins (D:1)
  8 kobolds
  A quokka (D:1)
  6 ball pythons
  A bat (D:1)
  A frilled lizard (D:1)
  4 goblins
  5 rats
51 creatures vanquished.

Notes
Turn   | Place    | Note
-------+----------+-------------------------------------------
     0 | D:1      | ders the Gargoyle Earth Elementalist began the quest for
                  | the Orb.
     0 | D:1      | Reached XP level 1. HP: 10/10 MP: 3/3
    43 | D:1      | Found Geso's Magic Scroll Shoppe.
   202 | D:1      | Reached skill level 1 in Conjurations
   229 | D:1      | Reached XP level 2. HP: 15/15 MP: 3/5
   332 | D:1      | Found a faded altar of an unknown god.
   861 | D:2      | Reached skill level 4 in Earth Magic
   862 | D:2      | Reached XP level 3. HP: 19/19 MP: 3/6
   866 | D:2      | Learned a level 3 spell: Stone Arrow
  1706 | D:3      | Reached XP level 4. HP: 24/24 MP: 2/7
  1714 | D:3      | HP: 1/24 [orc/+0 flail (3)]
  1936 | D:3      | Reached XP level 5. HP: 8/28 MP: 0/9
  1941 | D:3      | Slain by an orc wizard

Illustrated notes

Levels and vault maps discovered:
D:1:      reono_arrival_mine, layout_rooms, serial_shops,
          nicolae_shop_peninsula, serial_forest, infiniplex_forest_straight_5,
          infiniplex_forest_straight_1, infiniplex_forest_straight_4,
          infiniplex_forest_fountain, infiniplex_forest_end_double,
          infiniplex_forest_clump_tiny, ebering_ecumenical_altar_box
D:2:      layout_rooms
D:3:      layout_basic

Skill      XL: |  1  2  3  4 |
---------------+-------------+-----
Conjurations   | 1 2 3 |  3.4
Earth Magic    | 4 |  4.5
Dodging        | |  1.5
Stealth        | |  2.1
Spellcasting   | |  2.9
Transmutations | |  0.7

Action                     |  1- 3 |  4- 6 || total
---------------------------+-------+-------++-------
  Melee: Unarmed           |     1 |       ||     1
         Staff             |       |     9 ||     9
   Cast: Sandblast         |    60 |    12 ||    72
         Stone Arrow       |       |     4 ||     4
    Use: Potion            |       |     4 ||     4
 Armour: Robe              |     6 |     9 ||    15
  Dodge: Dodged            |    10 |    12 ||    22

Table legend: (Time is in decaauts)
 A = Elapsed time spent in this place.
 B = Non-inter-level travel time spent in this place.
 C = Inter-level travel time spent in this place.
 D = Time resting spent in this place.
 E = Time spent auto-exploring this place.
 F = Levels seen in this place.
 G = Mean time per level.
                   A        B        C        D        E       F      G
               +--------+--------+--------+--------+--------+-----+--------+
         Total |   1977 |   1886 |     91 |     89 |   1497 |   3 |  659.0 |
       Dungeon |   1977 |   1886 |     91 |     89 |   1497 |   3 |  659.0 |
               +--------+--------+--------+--------+--------+-----+--------+

Top non-repeatable levels by time:
     D:1: 872 daAuts
     D:2: 822 daAuts
     D:3: 283 daAuts
